 Dungeon Crawl Stone Soup version 0.27.1-37-g7b29ead8ac (webtiles) character file.

Game seed: 3075047179051210598

86 shakesphere1979 the Chiller (level 4, 32/32 HPs)
             Began as a Human Ice Elementalist on Aug 14, 2021.
             Quit the game on level 3 of the Dungeon on Mar 5, 2024.
             The game lasted 00:21:20 (2513 turns).

shakesphere1979 the Chiller (HuIE)                  Turns: 2513, Time: 00:21:20

Health: 32/32      AC:  2    Str:  8    XL:     4   Next: 78%
Magic:  7/7        EV: 12    Int: 17    God:
Gold:   29         SH:  0    Dex: 13    Spells: 1/8 levels left

rFire    . . .     SeeInvis .   b - +0 whip
rCold    . . .     Faith    .   (no shield)
rNeg     . . .     Spirit   .   a - +0 robe
rPois    .         Reflect  .   (no helmet)
rElec    .         Harm     .   (no cloak)
rCorr    .         Rampage  .   (no gloves)
Will     .....                  (no boots)
Stlth    ++........             (no amulet)
HPRegen  0.10/turn              (no ring)
MPRegen  0.10/turn              (no ring)

@: no status effects
A: no striking features
a: no special abilities


You were on level 3 of the Dungeon.
You visited 1 branch of the dungeon, and saw 3 of its levels.

You collected 29 gold pieces.

Inventory:

Hand Weapons
 b - a +0 whip (weapon)
Missiles
 g - 44 stones
 i - 6 javelins
 m - 6 poisoned darts
 n - 22 sling bullets
Armour
 a - a +0 robe (worn)
Wands
 h - a wand of flame (16)
 o - a wand of polymorph (10)
Scrolls
 c - 2 scrolls of teleportation {unknown}
 e - a scroll of acquirement {unknown}
 f - a scroll of magic mapping {unknown}
 j - a scroll of identify {unknown}
 l - a scroll of blinking {unknown}
 p - a scroll of enchant weapon {unknown}
Potions
 d - a potion of haste {unknown}
 k - a potion of magic {unknown}


   Skills:
 + Level 1.5 Fighting
 + Level 2.6 Dodging
 + Level 2.7 Stealth
 + Level 2.5 Spellcasting
 + Level 4.4 Ice Magic


You had one spell level left.
You knew the following spells:

 Your Spells              Type           Power      Damage    Failure   Level
a - Freeze                Ice            68%        1d8       3%          1
b - Frozen Ramparts       Ice            34%        1d5       9%          3
c - Ozocubu's Armour      Ice            17%        N/A       9%          3

Your spell library contained the following spells:

 Spells                   Type           Power      Damage    Failure   Level
 Blink                    Tloc           N/A        N/A       28%         2
 Lesser Beckoning         Tloc           1%         N/A       50%         3
 Hailstorm                Conj/Ice       9%         3d4       58%         4
 Manifold Assault         Tloc           2%         N/A       99%         5


Dungeon Overview and Level Annotations

Branches:
Dungeon (3/15)

Altars:
Ru


Message History

You hit the bat.
The bat is severely wounded.
The bat barely misses you. The bat hits you but does no damage.
You closely miss the bat.
The bat is severely wounded.
The bat barely misses you. The bat misses you.
Casting: Freeze (safe; 3% risk of failure)
Confirm with . or Enter, or press ? or * to list all spells.
Aiming: Freeze (safe; 3% risk of failure)
Press: ? - help, Shift-Dir - straight line, f - bat
Aim: a bat (moderately wounded)
You freeze the bat.
You kill the bat!
This spell is quite dangerous to cast!
Memorise Ozocubu's Armour, consuming 3 spell levels and leaving 1?
You start memorising the spell.
You continue memorising. x3
You finish memorising.
Spell assigned to 'c'.
Magic restored.
An endoplasm is nearby!
An endoplasm is nearby!
The endoplasm quivers.
No target in view!
You see here a scroll labelled DOKIESSUGIA.
The endoplasm hits you but does no damage.
You hit the endoplasm.
The endoplasm is heavily wounded.
The endoplasm closely misses you.
You hit the endoplasm.
The endoplasm is almost dead.
The endoplasm freezes you.
You are frozen.
You hit the endoplasm.
You kill the endoplasm!
c - 2 scrolls labelled DOKIESSUGIA (gained 1)
p - a scroll labelled IPUJITAUST A ball python and an endoplasm come into view.
The endoplasm quivers.
Welcome back, shakesphere1979 the Human Ice Elementalist.
Press ? for a list of commands and other information.
Are you sure you want to abandon this character and quit the game? (Confirm with "yes".)

...⌠.....# #
............#.# #.
..⌠...⌠...⌠...### ...
S...............#####.#
⌠...⌠...⌠.............##
.............#..........
.J⌠...⌠...⌠........#
................#..##
.......@.....####...#
#......####### #...###
...#.#. ###...## . .. ##
##.#... #..
#######...>.. #.
........##.## #
##........... #..
...#####.....
###..####### .. ##
#.....


You could see an endoplasm and a ball python (asleep).

Vanquished Creatures
  5 adders (D:2)
  A worm (D:2)
  A dart slug (D:2)
  6 endoplasms
  2 goblins (D:2)
  4 hobgoblins
  2 jackals (D:2)
  3 kobolds
  A quokka (D:2)
  5 ball pythons
  3 bats
  2 frilled lizards (D:2)
  2 rats
37 creatures vanquished.

Notes
Turn   | Place    | Note
-------+----------+-------------------------------------------
     0 | D:1      | shakesphere1979 the Human Ice Elementalist began the quest
                  | for the Orb.
     0 | D:1      | Reached XP level 1. HP: 13/13 MP: 3/3
   309 | D:1      | Reached XP level 2. HP: 15/20 MP: 5/5
   404 | D:1      | You fall into a shaft and drop 1 floor!
   568 | D:2      | Found a sacrificial altar of Ru.
   652 | D:2      | Reached skill level 1 in Fighting
   652 | D:2      | Reached XP level 3. HP: 22/26 MP: 2/6
   654 | D:2      | hey
   847 | D:2      | Learned a level 3 spell: Frozen Ramparts
  1041 | D:2      | Reached XP level 4. HP: 29/32 MP: 2/7
  2400 | D:3      | Learned a level 3 spell: Ozocubu's Armour
  2513 | D:3      | Upgraded the game from 0.27.0-1-g7a089689b8 to
                  | 0.27.1-37-g7b29ead8ac
  2513 | D:3      | Quit the game

Illustrated notes

## ## #.. .##
#..# .!###..#
#......# ###
#†.....#
....####@.....#
#....#....?.#
#........#
##.#######
#..## ### ##..#
..##
##.############
..#
#............#
#.#
#............##


Turn 654 on D:2: hey

Levels and vault maps discovered:
D:1:      beargit_arrival_greenhouse, layout_basic,
          shapermc_ecumenical_altar_venn
D:2:      layout_rooms, basic_altar
D:3:      layout_rooms, kennysheep_crisscross, kennysheep_generic_room_12

Skill      XL: |  1  2 |
---------------+-------+-----
Fighting       | 1 |  1.5
Dodging        | |  2.6
Stealth        | |  2.7
Spellcasting   | |  2.5
Ice Magic      | |  4.4

Action                   |  1- 3 |  4- 6 || total
-------------------------+-------+-------++-------
Melee: Whip              |    40 |    50 ||    90
 Cast: Freeze            |    22 |    23 ||    45
       Frozen Ramparts   |       |     2 ||     2
 Stab: Sleeping          |     3 |     3 ||     6
Armor: Robe              |     7 |    23 ||    30
Dodge: Dodged            |    40 |    54 ||    94
